Map: 2000 Atmospheres LE

Players

ShoWTimE - Winner!

  • Race: Protoss Protoss

GunGFuBanDa

  • Race: Protoss Protoss

Event: DreamHack SC2 Masters 2021 Fall

VOD

Have the link to the VOD?

Description

Time

  • Played on: Aug. 6, 2021, 12:59 p.m.
  • Length: 5:26

All games in this series

Show
View Real Time Build Order
Export as new Build Order

ShoWTimE Protoss - Winner!

Build Orders: Phoenix Opening 

Get SALT Encoding   

  12  0:00  Probe  
  13  0:12  Probe  
  14  0:17  Pylon  
  14  0:24  Probe (Chrono Boost)  
  15  0:36  Gateway, Probe (Chrono Boost)  
  16  0:44  Probe (Chrono Boost)  
  16  0:46  Assimilator  
  17  0:50  Probe  
  18  1:03  Probe (Chrono Boost)  
  19  1:04  Assimilator  
  19  1:10  Gateway  
  20  1:12  Probe (Chrono Boost)  
  20  1:17  Probe (Chrono Boost)  
  20  1:23  Cybernetics Core  
  21  1:29  Probe  
  22  1:35  Pylon  
  22  1:41  Probe  
  23  1:53  Probe  
  24  1:57  Warp Gate (Chrono Boost)  
  24  1:59  Sentry  
  26  2:13  Nexus  
  26  2:18  Sentry  
  28  2:23  Pylon  
  28  2:29  Shield Battery  
  28  2:33  Phoenix  
  28  2:36  Sentry  
  30  2:42  Probe  
  30  2:45  Stalker  
  30  2:51  Shield Battery  
  32  2:54  Probe  
  33  3:02  Stalker  
  35  3:06  Probe  
  36  3:13  Robotics Facility  
  36  3:18  Probe  
  37  3:24  Shield Battery  
  38  3:27  Probe  
  38  3:41  Stalker  
  38  3:42  Stalker  
  34  3:59  Gateway, Immortal (Chrono Boost)  
  38  4:07  Stalker  
  38  4:09  Shield Battery  
  40  4:11  Stalker  
  40  4:16  Shield Battery  
  42  4:28  Warp Prism (Chrono Boost)  
  43  4:39  Stalker  
  43  4:43  Stalker  
  45  4:54  Immortal (Chrono Boost)  
  49  5:13  Stalker x2  
Show
View Real Time Build Order
Export as new Build Order

GunGFuBanDa Protoss 

Build Orders:  

Get SALT Encoding   

  12  0:00  Probe  
  13  0:12  Probe  
  14  0:17  Pylon  
  14  0:24  Probe (Chrono Boost)  
  15  0:37  Gateway, Probe (Chrono Boost)  
  16  0:44  Probe (Chrono Boost)  
  16  0:46  Assimilator  
  17  0:51  Probe  
  17  0:54  Assimilator  
  18  1:03  Probe (Chrono Boost)  
  19  1:07  Gateway  
  19  1:13  Probe (Chrono Boost)  
  19  1:18  Probe (Chrono Boost)  
  20  1:24  Cybernetics Core  
  21  1:29  Probe  
  22  1:41  Pylon, Probe  
  23  2:01  Stalker x2  
  27  2:06  Robotics Facility  
  27  2:10  Warp Gate  
  27  2:17  Pylon  
  27  2:20  Probe  
  28  2:32  Stalker  
  30  2:42  Stalker  
  32  2:52  Immortal (Chrono Boost)  
  36  3:05  Gateway  
  36  3:14  Pylon  
  36  3:28  Warp Prism (Chrono Boost)  
  34  3:59  Immortal (Chrono Boost)  
  34  4:00  Stalker x2  
  42  4:06  Stalker  
  40  4:23  Sentry x2  
  44  4:40  Pylon  
  44  4:51  Adept  
  46  4:54  Gateway  
  44  5:06  Adept  
  44  5:07  Adept  

Tags
 
Add a new tag
Caveats
  • Supply blocks, unpowered buildings, or Contaminate may cause inaccurate times.
  • Supply counts are checked every 10 seconds.